AoeStats
← Axolot

Nomad

505158987Analyzed
4v4 RM · 24d ago on Sep 8, 2026· 37m 45s· 8 players
Game mode
Random Map
Map size
231×231
Population
200
Speed
Normal
Resources
Standard
Victory
Conquest
Starting age
Dark Age
Ending age
Imperial Age
RankedLock teamsTeams togetherTeam positionsShared explorationLock speedFull tech treeHidden civsTurbo modeCheats
Victory
Defeat
🇦🇷 Britons · Argentina
1539
+12
🇲🇽 Persians · Mexico
1513
+13
🇨🇳 Koreans · China
1453
+15
🇨🇳 Vietnamese · China
1417
+17
🇦🇷 Italians · Argentina
1502
-16
🇦🇷 Aztecs · Argentina
1470
-15
🇦🇷 Spanish · Argentina
1448
-15
🇨🇱 Jurchens · Chile
1350
-11
Axolot
10:23 Loom
13:09 Feudal Age
14:03 Double-Bit Axe
23:38 Castle Age
22:34 Horse Collar
24:53 Bow Saw
24:43 Heavy Plow
35:57 Scale Mail Armor
36:07 Forging
37:23 Wheelbarrow
37:10 Chain Mail Armor
恋蔓 | Yadranik
10:37 Loom
12:32 Feudal Age
12:50 Man-at-Arms
13:38 Arson
22:37 Castle Age
30:31 Town Watch
Dino_Mate
5:38 Loom
12:48 Feudal Age
12:49 Man-at-Arms
14:20 Arson
14:26 Double-Bit Axe
15:23 Fishing Lines
16:29 Town Watch
17:09 Fletching
21:28 Castle Age
22:28 Bodkin Arrow
22:48 Bow Saw
23:13 Gillnets
24:32 Medium Warships
28:11 Padded Archer Armor
29:27 Leather Archer Armor
30:27 Ballistics
31:25 Gold Mining
31:45 Stone Mining
37:30 Imperial Age
[VA] Tano_Pacman
5:51 Loom
14:01 Feudal Age
17:33 Castle Age
18:08 Double-Bit Axe
18:39 Town Watch
21:38 Padded Archer Armor
30:51 Fletching
32:47 Bloodlines
34:13 Leather Archer Armor
VX | El Venenudo
7:06 Loom
17:15 Feudal Age
23:46 Castle Age
22:08 Double-Bit Axe
23:54 Fletching
24:23 Scale Barding Armor
34:22 Wheelbarrow
37:02 Hand Cart
虎!虎!虎!
5:08 Loom
13:56 Feudal Age
15:51 Town Watch
18:54 Castle Age
17:41 Fletching
19:46 Double-Bit Axe
19:54 Fishing Lines
22:13 Bodkin Arrow
23:14 Bow Saw
23:04 Gold Mining
26:26 Ballistics
30:42 Elite Skirmisher
34:12 Wheelbarrow
36:56 Imperial Age
34:53 Horse Collar
38:19 Bracer
amtiky
5:28 Loom
15:06 Feudal Age
15:52 Fishing Lines
18:40 Castle Age
18:05 Stone Mining
18:06 Gold Mining
18:02 Double-Bit Axe
17:58 Horse Collar
19:41 Fletching
20:25 Bow Saw
20:54 Bodkin Arrow
21:29 Padded Archer Armor
22:48 Gillnets
26:06 Ballistics
29:38 Medium Warships
39:55 Imperial Age
爆汁番茄
4:50 Loom
15:05 Feudal Age
17:20 Wheelbarrow
17:04 Double-Bit Axe
17:17 Gold Mining
17:31 Town Watch
24:49 Castle Age
25:20 Crossbowman
26:35 Bow Saw
27:08 Fletching
34:44 Horse Collar
Connection lost

Rejoining the realm…

Still unreachable

The connection could not be restored.

Session expired

The server has moved on; the page needs a fresh start.